 Dungeon Crawl Stone Soup version 0.31.0-32-g396128a36d (webtiles) character file.

Game seed: 12096964759243409450

3295 Herschel the Shooter (level 9, -1/73 HPs)
             Began as a Black Draconian Hunter on Apr 2, 2024.
             Was a Believer of Lugonu.
             Succumbed to a hornet's poison
             ... on level 7 of the Dungeon.
             The game lasted 00:27:43 (7112 turns).

Herschel the Shooter (Black Draconian Hunter)       Turns: 7112, Time: 00:27:43

Health: -1/73      AC: 12    Str: 15    XL:     9   Next: 69%
Magic:  9/13       EV: 13    Int: 17    God:    Lugonu [**....]
Gold:   449        SH:  0    Dex: 14    Spells: 8/14 levels left

rFire   + . .        u - +6 bardiche of Amorous Blind Justice {freeze, Int+4}
rCold   + . .        (shield currently unavailable)
rNeg    . . .        (body armour unavailable)
rPois   .            (helmet restricted)
rElec   +            e - scarf {rC+ rF+}
rCorr   +            v - +1 pair of gloves {hurl}
SInv    .            t - +2 pair of boots {Fly}
Will    .....        (no amulet)
Stlth   +++          r - ring of resist corrosion
HPRegen 0.32/turn    (no ring)
MPRegen 0.13/turn

%: clarity
@: lethally poisoned (-1 -> -15), short of breath, flying, slowed, very slow
A: breathe lightning, AC +7, unfitting armour, electricity resistance,
cold-blooded, clarity, subdued magic 1
a: Breathe Lightning, Renounce Religion, Depart the Abyss, Banish


You were on level 7 of the Dungeon.
You worshipped Lugonu.
Lugonu was pleased with you.
You visited 1 branch of the dungeon, and saw 7 of its levels.
You also visited: Sewer and Bailey.

You collected 449 gold pieces.

Inventory:

Hand Weapons
 a - a +0 shortbow
 b - a +2 quarterstaff of chaos
 u - the +6 bardiche of Amorous Blind Justice (weapon) {freeze, Int+4}
   (You found it in a bailey)

   Int+4:     It affects your intelligence (+4).
Missiles
 d - 21 boomerangs (quivered)
 m - 2 silver javelins
Armour
 e - a scarf of resistance (worn)
 t - a +2 pair of boots of flying (worn)
 v - a +1 pair of gloves of hurling (worn)
Jewellery
 r - a ring of resist corrosion (left hand)
 w - a ring of fire
Talismans
 k - a beast talisman
Wands
 o - a wand of paralysis (18)
 s - a wand of iceblast (2)
Scrolls
 f - a scroll of teleportation
 n - a scroll of vulnerability
 p - a scroll of identify
Potions
 c - 3 potions of brilliance
 g - a potion of magic
 h - a potion of degeneration
 i - a potion of cancellation
 j - a potion of might
 l - a potion of haste
 q - 4 potions of enlightenment


   Skills:
 * Level 4.8 Fighting
 * Level 3.7 Short Blades
 * Level 3.8 Staves
 * Level 6.2 Ranged Weapons
 * Level 3.4 Throwing
 * Level 4.1 Dodging
 * Level 4.1 Stealth
 * Level 3.2 Spellcasting
 * Level 1.6 Hexes
 * Level 3.1 Summonings
 * Level 3.4 Invocations
 * Level 1.6 Evocations
 * Level 2.8 Shapeshifting


You had 8 spell levels left.
You knew the following spells:

 Your Spells              Type           Power      Damage    Failure   Level
a - Call Canine Familiar  Summ           10%        N/A       12%         3
b - Tukima's Dance        Hex            6%         N/A       22%         3

Your spell library contained the following spells:

 Spells                   Type           Power      Damage    Failure   Level
 Summon Small Mammal      Summ           40%        N/A       3%          1
 Slow                     Hex            24%        N/A       7%          1
 Cigotuvi's Dreadful Rot  Necr/Alch/Air  4%         N/A       22%         2
 Confusing Touch          Hex            6%         N/A       22%         3
 Sigil of Binding         Hex            6%         N/A       22%         3
 Summon Ice Beast         Ice/Summ       6%         N/A       22%         3
 Hailstorm                Conj/Ice       2%         3d5       41%         3
 Vampiric Draining        Necr           2%         2d6       41%         3
 Martyr's Knell           Necr/Summ      6%         N/A       61%         4
 Summon Blazeheart Golem  Fire/Summ      6%         N/A       61%         4
 Dispel Undead            Necr           2%         3d7       83%         4
 Passage of Golubria      Tloc           2%         N/A       83%         4
 Yara's Violent Unravell  Hex/Alch       2%         3d3       97%         5
 Death Channel            Necr           1%         N/A       100%        6
 Sculpt Simulacrum        Ice/Alch       1%         N/A       100%        6


Dungeon Overview and Level Annotations

Branches:
Dungeon (7/15)             Temple (0/1) D:4           Sewer (visited)
 Bailey (visited)

Altars:
Makhleb
Lugonu

Annotations:
Abyss:1 Grinder


Innate Abilities, Weirdness & Mutations

You can breathe wild blasts of lightning.
Your glossy black scales are hard. (AC +7)
You cannot fit into any form of body armour.
You are resistant to electric shocks. (rElec)
You are cold-blooded and may be slowed by cold attacks.
You possess an exceptional clarity of mind.
Your spells are a little easier to cast, but a little less powerful.


Message History

You breathe a wild blast of lightning!
The orb of electricity explodes!
The orb of electricity engulfs you! You resist.
The bolt of lightning hits the hornet!
The hornet is heavily wounded.
Unknown command.
You barely miss the hornet.
The hornet is heavily wounded.
The hornet stings you!
You are poisoned.
You feel yourself slow down. The hornet barely misses you.
The hornet stings you!
You feel as though you will be slow longer.
You miss the hornet.
You tail-slap the hornet, but do no damage.
The hornet is heavily wounded.
You feel extremely sick. The hornet barely misses you. The hornet stings you!
You feel as though you will be slow longer.
The hornet stings you.
You are more poisoned.
You suddenly lose the ability to move!
The hornet stings you!
* * * LOW HITPOINT WARNING * * *
You are more poisoned.
You feel as though you will be slow longer.
You can move again.
You hit the hornet but do no damage.
Your tail-slap misses the hornet.
The hornet is heavily wounded.
* * * LOW HITPOINT WARNING * * *
You feel extremely sick.
The hornet stings you but does no damage.
The hornet closely misses you.
The hornet stings you but does no damage.
The hornet stings you.
* * * LOW HITPOINT WARNING * * *
You feel as though you will be slow longer.
Press: ? - help, Shift-Dir - straight line, f - hornet
Aim: a hornet (heavily wounded, chance to affect: 74%)
The hornet is devoured by a tear in reality.
Lugonu claims a new guest.
You die...

############
#######...........
#.....[....####
#.#####.##.#
...####^##.########
..............ยงยง@)#
...####.##.######........
#.## #.##.# #..###### #.#
.....# ...# #.# #.#..#
#.## ... .... #.# #.#
.#..# #.# .. ..$.# #..


There were no monsters in sight!

Vanquished Creatures
  Pikel (D:5)
  5 orc warriors (Bailey)
  A black bear (D:6)
  Pargi (Sewer)
  2 sky beasts
  A centaur (D:7)
  A phantom (D:5)
  2 lemures (D:5)
  A brain worm (Sewer)
  2 scorpions
  4 wights (D:7)
  A nameless horror (D:4)
  2 howler monkeys
  2 orc priests
  3 hounds
  A sleepcap (D:6)
  Crazy Yiuf (D:5)
  3 iguanas
  Robin (D:3)
  2 gnolls (Bailey)
  8 adders
  A shadow imp (D:7)
  4 ufetubi
  A dart slug (D:5)
  2 ribbon worms
  16 orcs
  3 endoplasms
  A giant cockroach (D:2)
  18 goblins
  12 hobgoblins
  2 jackals (D:5)
  19 kobolds
  7 quokkas
  4 ball pythons
  10 bats
  A frilled lizard (D:1)
  8 rats
154 creatures vanquished.

Vanquished Creatures (others)
  A lemure (D:5)
1 creature vanquished.

Grand Total: 155 creatures vanquished

Notes
Turn   | Place    | Note
-------+----------+-------------------------------------------
     0 | D:1      | Herschel the Draconian Hunter began the quest for the Orb.
     0 | D:1      | Reached XP level 1. HP: 17/17 MP: 1/1
    85 | D:1      | Reached XP level 2. HP: 25/25 MP: 2/2
   201 | D:1      | Reached skill level 1 in Stealth
   294 | D:1      | Reached skill level 4 in Ranged Weapons
   676 | D:2      | Reached XP level 3. HP: 30/30 MP: 3/3
   743 | D:2      | Found a faded altar of an unknown god.
   845 | D:2      | Prayed at the altar of an unknown god.
   845 | D:2      | Became a worshipper of Lugonu the Unformed
   845 | D:2      | Reached * piety under Lugonu
   873 | D:2      | Gained mutation: Your spells are a little easier to cast,
                  | but a little less powerful. [potion of mutation]
   873 | D:2      | Gained mutation: You possess an exceptional clarity of
                  | mind. [potion of mutation]
  1480 | D:3      | Noticed Robin
  1821 | D:3      | Identified the +1 robe of Jotzeakh {rPois rC- Dex+3 SInv}
  1891 | D:3      | Reached XP level 4. HP: 36/37 MP: 4/4
  1996 | D:3      | Killed Robin
  2016 | D:3      | Reached ** piety under Lugonu
  2095 | D:3      | Learned a level 3 spell: Call Canine Familiar
  2247 | D:4      | You fall into a shaft and drop 2 floors!
  2288 | D:6      | Reached XP level 5. HP: 28/45 MP: 4/6
  2372 | D:5      | Entered Level 5 of the Dungeon
  2414 | D:5      | Noticed a phantom
  2446 | D:5      | Killed a phantom
  2447 | D:5      | Reached skill level 5 in Ranged Weapons
  2447 | D:5      | Reached skill level 1 in Spellcasting
  2447 | D:5      | Reached skill level 1 in Invocations
  2556 | D:5      | Reached skill level 1 in Short Blades
  2556 | D:5      | Reached skill level 1 in Throwing
  2556 | D:5      | Reached XP level 6. HP: 24/51 MP: 7/7
  2587 | D:5      | Noticed Pikel
  2595 | D:5      | Reached skill level 1 in Summonings
  2694 | D:5      | Found a glowing drain.
  2698 | Sewer    | Entered a sewer
  2747 | Sewer    | Noticed Pargi
  2771 | Sewer    | Killed Pargi
  2772 | Sewer    | Reached skill level 1 in Shapeshifting
  3016 | D:5      | Your scales start taking on a glossy black colour.
  3016 | D:5      | Reached XP level 7. HP: 43/57 MP: 9/9
  3016 | D:5      | Gained mutation: You are resistant to electric shocks.
                  | (rElec) [Black Draconian growth]
  3307 | D:5      | Found a runed translucent door.
  3308 | D:5      | Noticed Crazy Yiuf
  3312 | D:5      | Killed Crazy Yiuf
  3686 | D:5      | Killed Pikel
  3687 | D:5      | Reached skill level 1 in Staves
  3687 | D:5      | Reached XP level 8. HP: 27/66 MP: 9/11
  3973 | D:4      | Noticed Grinder
  3984 | D:4      | Banished Grinder
  4120 | D:4      | Found a staircase to the Ecumenical Temple.
  5088 | D:6      | Learned a level 3 spell: Tukima's Dance
  5277 | D:6      | Found a burning altar of Makhleb.
  5988 | D:7      | Reached XP level 9. HP: 33/72 MP: 13/13
  5995 | D:7      | Reached skill level 6 in Ranged Weapons
  6205 | D:7      | Found a flagged portal.
  6217 | Bailey   | Entered a bailey
  6288 | Bailey   | Reached skill level 1 in Hexes
  6392 | Bailey   | Reached skill level 1 in Evocations
  6427 | Bailey   | Noticed an orc knight
  6430 | Bailey   | Banished an orc knight
  6773 | Bailey   | Identified the +6 bardiche of Amorous Blind Justice
                  | {freeze, Int+4}
  7110 | D:7      | Paralysed by a hornet for 1 turns
  7111 | D:7      | HP: 3/73 [hornet (1)]
  7112 | D:7      | Succumbed to a hornet's poison

Illustrated notes

Levels and vault maps discovered:
D:1:      noname_arrival_rooms_in_the_neighbourhood, layout_rooms
D:2:      layout_loops_ring, ebering_ecumenical_altar_box
D:3:      layout_loops_ring, uniq_robin
D:4:      layout_basic, minmay_temple_entry_slanted, uniq_grinder
D:5:      layout_cave_pools, gup_sewer_entry_spiral, uniq_pikel,
          uniq_crazy_yiuf_cottage
D:6:      layout_basic, mainiacjoe_overflow_cross_hatched
D:7:      layout_loops_ring, enter_bailey_3, chequers_serial_rivers_room_a,
          minmay_misc_feat_cross

Skill      XL: |  1  2  3  4  5  6  7  8  9 |
---------------+----------------------------+-----
Stealth        | 1 2 3 4 |  4.1
Ranged Weapons | 4 5 6 |  6.2
Fighting       | 3 4 |  4.8
Dodging        | 2 3 4 |  4.1
Spellcasting   | 1 2 3 |  3.2
Invocations    | 1 2 3 |  3.4
Short Blades   | 1 2 3 |  3.7
Throwing       | 1 2 3 |  3.4
Summonings     | 1 2 3 |  3.1
Shapeshifting  | 1 2 |  2.8
Staves         | 1 2 3 |  3.8
Hexes          | 1 |  1.6
Evocations     | 1 |  1.6

Action                     |  1- 3 |  4- 6 |  7- 9 || total
---------------------------+-------+-------+-------++-------
  Melee: Dagger            |    16 |   247 |    49 ||   312
         Tailslap          |     1 |    36 |    22 ||    59
         Punch             |     1 |     2 |     2 ||     5
         Quarterstaff      |       |       |   119 ||   119
         Bardiche          |       |       |     5 ||     5
   Fire: Shortbow          |   137 |    28 |    22 ||   187
  Throw: Boomerang         |       |    10 |    66 ||    76
         Throwing net      |       |     1 |       ||     1
   Cast: Call Canine Famil |       |       |     1 ||     1
 Invoke: Banish            |       |       |     7 ||     7
Ability: Breathe Lightning |       |       |    23 ||    23
  Evoke: Wand              |       |       |     2 ||     2
    Use: Scroll            |     8 |     2 |     5 ||    15
         Potion            |     1 |     3 |     2 ||     6
   Stab: Sleeping          |       |       |     2 ||     2
         Paralysed         |       |       |     9 ||     9
         Confused          |       |       |     1 ||     1
 Armour: Skin              |    48 |   157 |   186 ||   391
  Dodge: Dodged            |    56 |   147 |   141 ||   344
